 Dungeon Crawl Stone Soup version 0.24-a0-584-g9d6b971 (webtiles) character file.

Game seed: 16275780610185826647, levelgen mode: deterministic

1497 Dorkslayer the Sneak (level 8, -10/55 HPs)
             Began as an Octopode Fighter on Aug 31, 2019.
             Was a Believer of Dithmenos.
             Killed from afar by Erica (31 damage)
             ... with an orb of energy
             ... on level 9 of the Dungeon on Sept 1, 2019.
             The game lasted 00:35:56 (4894 turns).

Dorkslayer the Sneak (Octopode Fighter)             Turns: 4894, Time: 00:35:58

Health: -10/55     AC:  1    Str: 18    XL:     8   Next: 81%
Magic:  11/11      EV: 12    Int: 10    God:    Dithmenos [**....]
Gold:   67         SH:  9    Dex: 11    Spells: 12/12 levels left

rFire    . . .     SeeInvis .   a - +3 long sword
rCold    . . .     Gourm    .   b - +0 shield
rNeg     . . .     Faith    .   (helmet restricted)
rPois    .         Spirit   .   (no amulet)
rElec    .         Reflect  .   i - ring of stealth
rCorr    .         Harm     .   (no ring)
MR       .....                  (no ring)
Stlth    ++++++....             (no ring)
HPRegen  0.18/turn              (no ring)
MPRegen  0.12/turn              (no ring)
                                (no ring)
                                (no ring)

@: wreathed by umbra
A: almost no armour, stealthy swim, amphibious, 8 rings, constrict 8, camouflage
1, gelatinous body 1
a: Shadow Step, Renounce Religion


You were on level 9 of the Dungeon.
You worshipped Dithmenos.
Dithmenos was pleased with you.
You were not hungry.

You visited 1 branch of the dungeon, and saw 7 of its levels.

You collected 182 gold pieces.
You spent 115 gold pieces at shops.

Inventory:

Hand Weapons
 a - a +3 long sword (weapon)
 n - a +1 dagger of protection
Missiles
 e - 4 boomerangs (quivered)
Armour
 b - a +0 shield (worn)
Jewellery
 i - a ring of stealth (left tentacle)
Wands
 j - a wand of polymorph (3)
 k - a wand of random effects (1)
 r - a wand of disintegration (13)
Scrolls
 g - a scroll of immolation
 l - 2 scrolls of amnesia
 q - 4 scrolls of remove curse
 t - 3 scrolls of identify
Potions
 f - a potion of invisibility
 h - a potion of lignification
 m - a potion of magic
 o - 2 potions of flight
 p - a potion of curing
Comestibles
 d - 10 rations
 s - 10 chunks of flesh


   Skills:
 * Level 5.0 Fighting
 + Level 5.2 Long Blades
 + Level 1.7 Throwing
 + Level 3.8 Dodging
 * Level 6.6 Stealth
 + Level 3.9 Shields
 + Level 2.5 Spellcasting
 * Level 3.6 Invocations
 * Level 2.9 Evocations


You had 12 spell levels left.
You didn't know any spells.
Your spell library was empty.

Dungeon Overview and Level Annotations

Branches:
Dungeon (6/15)             Temple (0/1) D:5

Altars:
Ashenzari
Dithmenos
Fedhas
Gozag
Hepliaklqana
Kikubaaqudgha
Okawaru
Ru

Shops:
D:5 !%   D:6 *

Annotations:
D:5 2 transporters, myxocpahck's ghost, novice DEAE
D:9 Erica


Innate Abilities, Weirdness & Mutations

You cannot wear most types of armour.
You are very stealthy in the water. (Stealth+)
You are amphibious.
You can wear up to eight rings at the same time.
You can use your tentacles to constrict eight enemies at once.
Your skin changes colour to match your surroundings (Stealth+).
Your rubbery body absorbs attacks. (AC +1, EV +1)


Message History

Press: ? - help, Shift-Dir - straight line, f/p - Erica
Aim: Erica, wielding a +3 scimitar of flaming and wearing a +0 robe (moderately wounded, umbra)
The fireball explodes!
The fireball engulfs something!
The fireball engulfs you!
* * * LOW HITPOINT WARNING * * *
The fireball engulfs Erica!
Erica is heavily wounded.
You hear an angry hiss.
Something hits you.
* * * LOW HITPOINT WARNING * * *
Something hits you.
* * * LOW HITPOINT WARNING * * *
You feel much better. Something hits you! Erica gestures at you while chanting.
The orb of energy hits something!!
Reactivating autopickup.
You feel a bit more experienced.
The orb of energy explodes!
The mystic blast hits you!!
Ouch! That really hurt!
You die...

......# .....# #......
...!.# #...... ....#
#..... ...#####...?
###########........#
..........'........#
..........#........#
.###.###..#.....@.@######
.###.###..########a.....#
...........+ #......#
...........# #......+
..##..##...# #......#
..##..##...# .....(...
...........# .........
...........# .........
#.######...# ..........


You could see Erica and a worker ant.

Vanquished Creatures
  Prince Ribbit (D:5)
  Sigmund (D:5)
  2 ogres (D:4)
  A sky beast (D:5)
  2 centaurs
  2 howler monkeys (D:5)
  4 orc priests
  Crazy Yiuf (D:5)
  4 orc wizards
  4 worker ants
  Terence (D:3)
  A hound skeleton (D:5)
  A worker ant zombie (D:5)
  3 gnolls (D:3)
  7 adders
  5 worms
  2 dart slugs
  5 leopard geckos
  16 orcs
  12 bats
  4 giant cockroaches
  6 goblins
  7 hobgoblins
  4 jackals
  4 quokkas
  3 ball pythons
  5 frilled lizards
  A jackal skeleton (D:4)
  6 kobolds
  A leopard gecko skeleton (D:4)
  6 rats
122 creatures vanquished.

Vanquished Creatures (others)
  A bullfrog (D:9)
1 creature vanquished.

Grand Total: 123 creatures vanquished

Notes
Turn   | Place    | Note
-------+----------+-------------------------------------------
     0 | D:1      | Dorkslayer the Octopode Fighter began the quest for the
                  | Orb.
     0 | D:1      | Reached XP level 1. HP: 16/16 MP: 1/1
   212 | D:1      | Reached XP level 2. HP: 21/21 MP: 2/2
   336 | D:1      | Reached skill level 1 in Stealth
   437 | D:1      | Reached XP level 3. HP: 20/26 MP: 3/3
   747 | D:2      | Found a shadowy altar of Dithmenos.
   750 | D:2      | Became a worshipper of Dithmenos the Shadowed
   926 | D:2      | Reached skill level 1 in Spellcasting
  1056 | D:2      | Found an opulent altar of Gozag.
  1149 | D:2      | Reached XP level 4. HP: 31/31 MP: 5/5
  1258 | D:2      | Reached * piety under Dithmenos
  1420 | D:2      | Found a hazy altar of Hepliaklqana.
  1482 | D:3      | Reached skill level 2 in Stealth
  1645 | D:3      | Found an ancient bone altar of Kikubaaqudgha.
  1657 | D:3      | Reached XP level 5. HP: 36/37 MP: 7/7
  1699 | D:3      | Reached skill level 1 in Invocations
  2216 | D:3      | Found an iron altar of Okawaru.
  2410 | D:3      | Noticed Terence
  2415 | D:3      | Killed Terence
  2534 | D:4      | Found a sacrificial altar of Ru.
  2535 | D:4      | Found a shattered altar of Ashenzari.
  2646 | D:4      | Found a blossoming altar of Fedhas.
  2753 | D:4      | Reached skill level 3 in Stealth
  2753 | D:4      | Reached XP level 6. HP: 31/43 MP: 8/8
  3433 | D:4      | Reached skill level 4 in Stealth
  3433 | D:4      | Reached XP level 7. HP: 48/48 MP: 10/10
  3549 | D:5      | Entered Level 5 of the Dungeon
  3554 | D:5      | Reached skill level 1 in Evocations
  3557 | D:5      | Noticed Prince Ribbit
  3564 | D:5      | Killed Prince Ribbit
  3564 | D:5      | Reached skill level 1 in Throwing
  3564 | D:5      | Reached skill level 5 in Stealth
  3590 | D:5      | Reached XP level 8. HP: 43/54 MP: 11/11
  3649 | D:5      | Found Ulo Apoh's Distillery.
  3672 | D:5      | Bought a potion of heal wounds for 75 gold pieces
  4002 | D:5      | Reached ** piety under Dithmenos
  4258 | D:5      | Noticed Sigmund
  4269 | D:5      | Killed Sigmund
  4269 | D:5      | Reached skill level 5 in Long Blades
  4269 | D:5      | Reached skill level 6 in Stealth
  4285 | D:5      | Identified the cursed +1 great mace of Wushanne {crush,
                  | rElec Str+4}
  4286 | D:5      | Noticed myxocpahck's ghost (novice DEAE)
  4356 | D:5      | Found a transporter.
  4360 | D:5      | Found Woedd's Food Shop.
  4506 | D:5      | Found a runed translucent door.
  4507 | D:5      | Noticed Crazy Yiuf
  4524 | D:5      | Killed Crazy Yiuf
  4612 | D:5      | Found a staircase to the Ecumenical Temple.
  4634 | D:5      | Found a transporter.
  4684 | D:6      | Found Bamm's General Store.
  4716 | D:6      | Bought a scroll of identify for 20 gold pieces
  4716 | D:6      | Bought a scroll of identify for 20 gold pieces
  4819 | D:6      | You fall into a shaft and drop 3 floors!
  4827 | D:9      | Reached skill level 5 in Fighting
  4886 | D:9      | Noticed Erica
  4894 | D:9      | Killed from afar by Erica

Levels and vault maps discovered:
D:1:      ebering_trefoil_3fold, layout_rooms, wad_floor_pattern_2
D:2:      layout_basic, overflow_temple_1_default, lemuel_doored_altar,
          nicolae_overflow_hidden_temple
D:3:      layout_loops_corners, overflow_temple_1_default,
          nicolae_overflow_crystal_walls, uniq_terence
D:4:      layout_gridville, fedhas_altar_4, gammafunk_temple_overflow_statue,
          first_ration
D:5:      layout_layer_cave, temple_hall_moat, gammafunk_ghost_smash,
          serial_shops, shop, shop, uniq_crazy_yiuf_cottage, uniq_sigmund,
          uniq_prince_ribbit1
D:6:      layout_gridville, serial_shops, shop, shop
D:9:      layout_gridville, minmay_librarian, uniq_erica, uniq_harold, uniq_grum

Skill      XL: |  1  2  3  4  5  6  7  8 |
---------------+-------------------------+-----
Stealth        | 1 2 3 4 5 6 |  6.6
Spellcasting   | 1 2 |  2.5
Long Blades    | 3 4 5 |  5.2
Invocations    | 1 2 3 |  3.6
Fighting       | 4 5 |  5.0
Evocations     | 1 2 |  2.9
Throwing       | 1 |  1.7
Dodging        | |  3.8
Shields        | |  3.9

Action                   |  1- 3 |  4- 6 |  7- 9 || total
-------------------------+-------+-------+-------++-------
Melee: Long sword        |    74 |    76 |    61 ||   211
       Constrict         |    24 |    22 |    17 ||    63
       Tentacles         |    19 |    24 |    12 ||    55
Throw: Boomerang         |     8 |     7 |     8 ||    23
       Throwing net      |       |     3 |       ||     3
Evoke: Wand              |       |       |    21 ||    21
  Use: Scroll            |     6 |     3 |     4 ||    13
       Potion            |       |     1 |     5 ||     6
 Stab: Sleeping          |     6 |     7 |     8 ||    21
       Held in net/web   |       |     1 |       ||     1
  Eat: Chunk             |     1 |     7 |     5 ||    13
Armor: Skin              |     6 |       |     7 ||    13
Dodge: Dodged            |    34 |    33 |    36 ||   103
Block: Shield            |    41 |    23 |    23 ||    87
       Rpst.: Long sword |    11 |     7 |    11 ||    29

Table legend:
 A = Non-vault XP
 B = Vault XP
 C = Vault XP percentage of total XP
 D = Non-vault monster count
 E = Vault monster count
 F = Vault count percentage of total count
                 A         B        C        D         E       F
            +---------+---------+-------+---------+---------+-------
      Total |    1576 |     563 |  26.3 |     119 |       4 |   3.3
            +---------+---------+-------+---------+---------+-------
        D:1 |      34 |       0 |   0.0 |      20 |       0 |   0.0
        D:2 |      86 |       0 |   0.0 |      31 |       0 |   0.0
        D:3 |     151 |      32 |  17.5 |      19 |       1 |   5.0
        D:4 |     460 |       0 |   0.0 |      19 |       0 |   0.0
        D:5 |     623 |     531 |  46.0 |      23 |       3 |  11.5
        D:6 |      61 |       0 |   0.0 |       5 |       0 |   0.0
        D:9 |     161 |       0 |   0.0 |       2 |       0 |   0.0
            +---------+---------+-------+---------+---------+-------
